cohdb
Replays
Latest Replays
All Replays
Popular Replays
Top Player Replays
Match Explorer
How It Works
Community
CoH3 Stats
Reddit
Sign in to upload your games and track your stats! →
Sign in with Steam
Match 38764624
Unlisted
Match 38764624
Overview
Messages
Build Orders
End
Engineer Squad
Construct Barracks
Selects Armored Battlegroup
Selects Assault Engineers
1⁄4-ton 4x4 Truck
Assault Engineer Squad
Riflemen Squad
Grenade Package
Air Support Center
Assault Engineer Squad
Selects Strength in Steel
Construct Tank Depot
.30 cal Machine Gun
Selects Seek and Destroy
Selects UNKNOWN (2160077)
M4A3E8 Sherman Easy Eight
M4A3E8 Sherman Easy Eight
Construct Weapon Support Center
M3 Armored Personnel Carrier
Riflemen Squad
Riflemen Squad
BossyPredator
reset
Blue Dragon
MR-HIFU
mar14n
soul123dark
Mael Radec
Der Ventilator
0
0
Comments
sign in to comment!
No comments posted yet!